 Dungeon Crawl Stone Soup version 0.29-a0-352-g0917bc69df (webtiles) character file.

Game seed: 10753232224744660029

16 spaghetti the Grave Robber (level 2, 0/20 HPs)
             Began as a Gnoll Necromancer on Apr 24, 2022.
             Slain by a kobold
             ... wielding a +0 dagger
              (2 damage)
             ... on level 1 of the Dungeon.
             The game lasted 00:01:20 (492 turns).

spaghetti the Grave Robber (Gnoll Necromancer)       Turns: 492, Time: 00:01:20

Health: 0/20       AC:  2    Str:  7    XL:     2   Next: 54%
Magic:  0/7        EV: 13    Int: 14    God:
Gold:   8          SH:  0    Dex: 12    Spells: 9/10 levels left

rFire   . . .      SeeInvis .   f - +0 short sword {short}
rCold   . . .      Faith    .   (no shield)
rNeg    . . .      Spirit   .   a - +0 robe
rPois   .          Reflect  .   (no helmet)
rElec   .          Harm     .   (no cloak)
rCorr   .          Rampage  .   (no gloves)
Will    .....                   (no boots)
Stlth   ++........              (no amulet)
HPRegen 0.06/turn               (no ring)
MPRegen 0.10/turn               (no ring)

@: no status effects
A: fangs 1, strong nose, distributed training
a: no special abilities


You were on level 1 of the Dungeon.
You visited 1 branch of the dungeon, and saw 1 of its levels.

You collected 8 gold pieces.


Innate Abilities, Weirdness & Mutations

You have very sharp teeth.
Your uncanny sense of smell can sniff out nearby items.
Your experience applies equally to all skills.


   Skills:
 + Level 0.4 Fighting
 + Level 0.4 Short Blades
 + Level 0.4 Long Blades
 + Level 0.4 Axes
 + Level 0.4 Maces & Flails
 + Level 0.4 Polearms
 + Level 0.4 Staves
 + Level 0.4 Slings
 + Level 0.4 Bows
 + Level 0.4 Crossbows
 + Level 0.4 Throwing
 + Level 0.4 Armour
 + Level 4.5 Dodging
 + Level 4.1 Stealth
 + Level 0.4 Shields
 + Level 0.4 Unarmed Combat
 + Level 4.9 Spellcasting
 + Level 0.2 Conjurations
 + Level 0.2 Hexes
 + Level 0.2 Summonings
 + Level 7.0 Necromancy
 + Level 0.2 Translocations
 + Level 0.2 Transmutations
 + Level 0.2 Fire Magic
 + Level 0.2 Ice Magic
 + Level 0.2 Air Magic
 + Level 0.2 Earth Magic
 + Level 0.2 Poison Magic
 + Level 0.5 Invocations
 + Level 0.4 Evocations


You had 9 spell levels left.
You knew the following spells:

 Your Spells              Type           Power      Damage    Failure   Level
a - Pain                  Necr           92%        1d8       1%          1

Your spell library contained the following spells:

 Spells                   Type           Power      Damage    Failure   Level
 Animate Skeleton         Necr           46%        N/A       1%          1
 Vampiric Draining        Necr           23%        2d7       3%          3
 Animate Dead             Necr           11%        N/A       10%         4
 Agony                    Necr           23%        N/A       26%         5

Inventory:

Hand Weapons
 f - a +0 short sword (weapon) {short}
   (You took it off a kobold on level 1 of the Dungeon)
 j - a +0 dagger {short}
   (You took it off a kobold on level 1 of the Dungeon)
 l - a +0 dagger {short}
   (You found it on level 1 of the Dungeon)
Missiles
 k - 4 stones {throwing}
Armour
 a - a +0 robe (worn)
Jewellery
 c - an amulet of faith {!P}
   (You found it on level 1 of the Dungeon)
Scrolls
 g - a scroll of blinking {unknown}
Potions
 b - a potion of magic
 d - 2 potions of ambrosia {unknown}
 e - a potion of invisibility {unknown}
 h - a potion of curing {unknown}
 i - a potion of heal wounds {unknown}

Dungeon Overview and Level Annotations

Branches:
Dungeon (1/15)

Altars:

####### ## ##.....##
#.> ##.......###..
#.........#..#
#...........########
#...................
#..........##.......
#..........)@..#
##........##Kw##
#............##
#........K####
#.......†...#
#.........#.#
#....###....#
##...#∆w##..# ##.#g
.∆ ..#


You could see a dart slug and a kobold.


Message History

A dart slug comes into view. 😕 HP[-1] MP[-1]
You take 1 damage, and now have 17/20 hp.
You lost 1 mp, and now have 4/7 mp.
Aiming: Pain (safe; 1% risk of failure)
Press: ? - help, Q - select action, (/) - cycle Shift-Dir - straight line, f/p - dart slug
Aim: a dart slug (almost dead, chance to affect: 91%)
The dart slug writhes in agony!
You kill the dart slug!
A kobold comes into view.
It is wielding a +0 dagger. 😕 HP[-1] MP[-1]
You take 1 damage, and now have 16/20 hp.
You lost 1 mp, and now have 3/7 mp.
Aiming: Pain (safe; 1% risk of failure)
Press: ? - help, Q - select action, (/) - cycle Shift-Dir - straight line, f - ball python
Aim: a ball python (chance to affect: 91%)
The ball python writhes in agony.
The kobold shouts! 😮 HP[-1] MP[-1]
You take 1 damage, and now have 15/20 hp.
You lost 1 mp, and now have 2/7 mp.
Aiming: Pain (safe; 1% risk of failure)
Press: ? - help, Q - select action, (/) - cycle Shift-Dir - straight line, f/p - ball python
Aim: a ball python (heavily wounded, chance to affect: 91%)
The ball python writhes in agony!
You kill the ball python! 😮 HP[-1] MP[-1]
You take 1 damage, and now have 14/20 hp.
You lost 1 mp, and now have 1/7 mp.
Aiming: Pain (safe; 1% risk of failure)
Press: ? - help, Q - select action, (/) - cycle Shift-Dir - straight line, f - goblin
Aim: a goblin, wielding a +0 dagger (chance to affect: 91%)
The goblin writhes in agony.
The goblin closely misses you. 😮 HP[-1] MP[-1]
You take 1 damage, and now have 13/20 hp.
You lost 1 mp, and now have 0/7 mp.
You don't have enough magic to cast this spell.
Unknown command.
You don't have enough magic to cast this spell.
Unknown command.
You don't have enough magic to cast this spell.
Unknown command.
You don't have enough magic to cast this spell.
Unknown command.
The goblin drinks a potion.
The goblin seems to grow stronger.
Found a stone staircase leading down. 😮 MP[+1]
The hobgoblin attacks as you move away!
The hobgoblin barely misses you. 😮 HP[+1]
Casting: Pain (safe; 1% risk of failure)
Confirm with . or Enter, or press ? or * to list all spells.
Aiming: Pain (safe; 1% risk of failure)
Press: ? - help, Shift-Dir - straight line, f/p - goblin
Aim: a goblin, wielding a +0 dagger (severely wounded, strong, chance to affect: 91%)
The hobgoblin writhes in agony.
You kill the hobgoblin! 😮 HP[-1] MP[-1]
You take 1 damage, and now have 13/20 hp.
You lost 1 mp, and now have 0/7 mp.
Really attack while wielding nothing?
Okay, then.
f - a +0 short sword (weapon)
{short} You miss the kobold.
The kobold hits you with a +0 dagger. 😮 HP[-1]
You take 1 damage, and now have 12/20 hp.
You hit the kobold but do no damage. The kobold hits you with a +0 dagger.
* * * LOW HITPOINT WARNING * * *
The goblin barely misses you. 😨 HP[-2]
You take 2 damage, and now have 10/20 hp.
You closely miss the goblin. The kobold closely misses you.
The goblin closely misses you.
You hit the goblin.
You kill the goblin!
The kobold barely misses you.
You closely miss the kobold. You bite the kobold, but do no damage.
The kobold hits you with a +0 dagger.
* * * LOW HITPOINT WARNING * * *
😨 HP[-3]
You take 3 damage, and now have 7/20 hp.
You closely miss the kobold. Your bite misses the kobold.
The kobold hits you but does no damage. x2 😨 MP[+1]
Casting: Pain (safe; 1% risk of failure)
Confirm with . or Enter, or press ? or * to list all spells.
Aiming: Pain (safe; 1% risk of failure)
Press: ? - help, Shift-Dir - straight line, f - kobold
Aim: a kobold, wielding a +0 dagger (chance to affect: 91%)
The kobold writhes in agony.
The kobold hits you with a +0 dagger.
* * * LOW HITPOINT WARNING * * *
😱 HP[-4] MP[-1]
You take 4 damage, and now have 3/20 hp.
You lost 1 mp, and now have 0/7 mp.
You barely miss the kobold. The kobold misses you.
You miss the kobold. The dart slug bites you.
* * * LOW HITPOINT WARNING * * *
The kobold hits you with a +0 dagger.
You die...

Action                   || total
-------------------------++-------
Melee: Short sword       ||     8
       Bite              ||     1
 Cast: Pain              ||    21
Armor: Robe              ||     2
Dodge: Dodged            ||     7

Levels and vault maps discovered:
D:1:      kennysheep_arrival_forest, layout_rooms, minmay_tetromino_l4

Notes
Turn   | Place    | Note
-------+----------+-------------------------------------------
     0 | D:1      | spaghetti the Gnoll Necromancer began the quest for the
                  | Orb.
     0 | D:1      | Reached XP level 1. HP: 13/13 MP: 6/6
     0 | D:1      | magus.rc [v1.9.6]
   260 | D:1      | Reached XP level 2. HP: 9/19 MP: 3/7
   490 | D:1      | HP: 3/20 [kobold/+0 dagger (3)]
   492 | D:1      | Slain by a kobold

Vanquished Creatures
  3 dart slugs (D:1)
  A ball python (D:1)
  A goblin (D:1)
  A hobgoblin (D:1)
  A bat (D:1)
  A frilled lizard (D:1)
  3 kobolds (D:1)
11 creatures vanquished.

Table legend:
 A = Non-vault XP
 B = Vault XP
 C = Vault XP percentage of total XP
 D = Non-vault monster count
 E = Vault monster count
 F = Vault count percentage of total count
                 A         B        C        D         E       F
            +---------+---------+-------+---------+---------+-------
      Total |      13 |      10 |  43.5 |       7 |       4 |  36.4
            +---------+---------+-------+---------+---------+-------
        D:1 |      13 |      10 |  43.5 |       7 |       4 |  36.4
            +---------+---------+-------+---------+---------+-------

Illustrated notes

Table legend:
 A = Kills in this place as a percentage of kills in entire the game.
 B = Kills by you in this place as a percentage of kills by you in the entire game.
 C = Kills by friends in this place as a percentage of kills by friends in the entire game.
 D = Other kills in this place as a percentage of other kills in the entire game.
 E = Experience gained in this place as a percentage of experience gained in the entire game.
 F = Experience gained in this place divided by the number of levels of this place that you have seen.
                   A       B       C       D       E      F
               +-------+-------+-------+-------+-------+----------------------
         Total | 100.0 | 100.0 |   N/A |   N/A | 100.0 |  23.0
       Dungeon | 100.0 | 100.0 |   N/A |   N/A | 100.0 |  23.0
               +-------+-------+-------+-------+-------+----------------------

Table legend: (Time is in decaauts)
 A = Elapsed time spent in this place.
 B = Non-inter-level travel time spent in this place.
 C = Inter-level travel time spent in this place.
 D = Time resting spent in this place.
 E = Time spent auto-exploring this place.
 F = Levels seen in this place.
 G = Mean time per level.
                   A        B        C        D        E       F      G
               +--------+--------+--------+--------+--------+-----+--------+
         Total |    492 |    492 |      0 |    203 |    232 |   1 |  492.0 |
       Dungeon |    492 |    492 |      0 |    203 |    232 |   1 |  492.0 |
               +--------+--------+--------+--------+--------+-----+--------+

Top non-repeatable levels by time:
     D:1: 492 daAuts
